 Dungeon Crawl Stone Soup version 0.21-a0-42-gb537e02 (webtiles) character file.

76 Phroggus the Charlatan (level 4, -10/27 HPs)
             Began as a Kobold Artificer on June 6, 2017.
             Killed themself with a badly aimed fireball (14 damage)
             ... on level 2 of the Dungeon.
             The game lasted 00:08:05 (2323 turns).

Phroggus the Charlatan (Kobold Artificer)           Turns: 2323, Time: 00:08:06

Health: -10/27     AC:  3    Str:  9    XL:     4   Next: 57%
Magic:  6/7        EV: 15    Int: 12    God:
Gold:   60         SH:  0    Dex: 16    Spells: 3/3 levels left

rFire    . . .     SeeInvis .   a - +0 short sword
rCold    . . .     Gourm    .   (shield restricted)
rNeg     . . .     Faith    .   b - +0 leather armour
rPois    .         Spirit   .   (no helmet)
rElec    .         Reflect  .   (no cloak)
rCorr    .         Harm     .   (no gloves)
MR       .....                  (no boots)
Stlth    ++........             (no amulet)
Regen    0.1/turn               (no ring)
MPRegen  0.1/turn               (no ring)

@: slowed, very slow
A: carnivore 3
a: no special abilities


You were on level 2 of the Dungeon.
You were completely stuffed.

You visited 1 branch of the dungeon, and saw 2 of its levels.

You collected 60 gold pieces.

Inventory:

Hand Weapons
 a - a +0 short sword (weapon)
Missiles
 i - 4 stones (quivered)
Armour
 b - a +0 leather armour (worn)
Jewellery
 l - an uncursed ring of protection from fire {unknown}
 m - an uncursed ring of magical power {unknown}
Wands
 c - a wand of flame (8/48)
 d - a wand of enslavement (14/24)
 e - a wand of random effects (1/48)
Scrolls
 g - a scroll of identify {unknown}
 n - a scroll of magic mapping {unknown}
Potions
 h - a potion of cancellation {unknown}
 j - 2 potions of mutation {unknown}
 k - a potion of haste {unknown}
 o - a potion of might {unknown}
 p - a potion of lignification {unknown}
Comestibles
 f - 3 meat rations
 q - 5 chunks of flesh


   Skills:
 * Level 2.8 Fighting
 + Level 2.6 Short Blades
 + Level 3.3 Dodging
 - Level 1.3 Stealth
 + Level 4.1 Evocations


You had 3 spell levels left.
You didn't know any spells.

Dungeon Overview and Level Annotations

Branches:
Dungeon (2/15)

Altars:


Innate Abilities, Weirdness & Mutations

You are small and have problems with some larger weapons.
You are carnivorous and can eat meat at any time.


Message History

Aiming: Random Effects
Press: ? - help, Shift-Dir - straight line, f/p - crimson imp
Aim: a crimson imp (summoned)
The puff of frost hits the crimson imp.
The crimson imp is frozen!
You kill the crimson imp!
This wand has 1 charge left.
The quokka twitches its whiskers.
Something claws you.
* * * LOW HITPOINT WARNING * * *
Unknown command.
Evoke which item? (* to show all) (? for menu, Esc to quit)
Aiming: Random Effects
Press: ? - help, Shift-Dir - straight line, f - quokka
Aim: a quokka The fireball explodes!
The fireball engulfs something.
Reactivating autopickup.
Your Evocations skill increases to level 4!
You feel a bit more experienced. The fireball engulfs you!
Ouch! That really hurt!
You die...

......# #.........#
......# #......†.#
.#.#### #........# ...##
#......#..# ....#
#.....r#..... ###.#
#......#.###.# ###.#
######†#.# .. ..#.# #.#.#
# #.#.# #@#.######
..#.############......w..
#................#.######
#.##############.#.# #.#
#.#.# #.# #.#.# ### #.#.#
#.#.# #.#.#


You could see a worm and a quokka.

Vanquished Creatures
  Natasha (D:2)
  An adder (D:2)
  An ooze (D:1)
  3 giant cockroaches
  4 goblins
  4 hobgoblins
  4 jackals (D:2)
  A quokka (D:2)
  6 bats
  2 frilled lizards (D:1)
  4 kobolds (D:1)
  5 rats
36 creatures vanquished.

Notes
Turn   | Place    | Note
-------+----------+-------------------------------------------
     0 | D:1      | Phroggus the Kobold Artificer began the quest for the Orb.
     0 | D:1      | Reached XP level 1. HP: 12/12 MP: 3/3
   403 | D:1      | Reached XP level 2. HP: 16/16 MP: 4/4
  1562 | D:1      | Reached XP level 3. HP: 21/21 MP: 5/5
  2308 | D:2      | Noticed Natasha
  2318 | D:2      | Reached XP level 4. HP: 20/27 MP: 6/6
  2323 | D:2      | Killed Natasha
  2323 | D:2      | Reached skill level 4 in Evocations
  2323 | D:2      | Killed themself with a badly aimed fireball

Vault maps used:
D:1:      saegor_arrival_simple_f, serial_glass, glass_columns_a,
          glass_columns_c, hangedman_glass_teeth
D:2:      minmay_bisected, uniq_natasha

Skill      XL: |  1  2  3  4 |
---------------+-------------+-----
Short Blades   | 2 |  2.6
Dodging        | 3 |  3.3
Fighting       | 2 |  2.8
Evocations     | 4 |  4.1
Stealth        | |  1.3

Action                   |  1- 3 |  4- 6 || total
-------------------------+-------+-------++-------
Melee: Short sword       |   164 |       ||   164
Throw: Stone             |     8 |       ||     8
Evoke: Wand              |    17 |     5 ||    22
 Stab: Sleeping          |     2 |       ||     2
       Paralysed         |     1 |       ||     1
  Eat: Chunk             |    13 |       ||    13
Armor: Leather armour    |    29 |       ||    29
Dodge: Dodged            |   146 |     1 ||   147
